Map: 뉴커크 재개발 지구 - 토너먼트 (공허의 유산)

Players

DnS - Winner!

  • Race: Protoss Protoss
  • Spawn Location: 5:00

Xaoras

  • Race: Zerg Zerg
  • Spawn Location: 7:00

Event: IEM XI Katowice - World Championship 2017

VOD

Have the link to the VOD?

Description

Time

  • Played on: Feb. 27, 2017, 5:17 a.m.
  • Length: 11:42

All games in this series

Show
View Real Time Build Order
Export as new Build Order

DnS Protoss - Winner!

Build Orders: 1 Gate Expand, Oracle Opening, Zealot Archon 

Get SALT Encoding   

  12  0:00  Probe (Chrono Boost)  
  13  0:11  Probe (Chrono Boost)  
  14  0:19  Pylon  
  14  0:22  Probe (Chrono Boost)  
  15  0:37  Probe (Chrono Boost)  
  15  0:41  Gateway  
  16  0:48  Probe (Chrono Boost)  
  17  0:51  Assimilator  
  17  0:58  Probe (Chrono Boost)  
  18  1:09  Probe (Chrono Boost)  
  19  1:24  Nexus  
  19  1:26  Probe (Chrono Boost)  
  20  1:36  Cybernetics Core  
  20  1:40  Probe (Chrono Boost)  
  20  1:45  Assimilator  
  21  1:50  Probe (Chrono Boost)  
  22  1:58  Pylon  
  23  2:01  Probe (Chrono Boost)  
  23  2:12  Adept  
  23  2:13  Warp Gate  
  23  2:18  Probe (Chrono Boost)  
  27  2:30  Probe (Chrono Boost)  
  28  2:37  Stargate, Probe (Chrono Boost)  
  28  2:39  Adept  
  28  2:41  Probe (Chrono Boost)  
  31  2:47  Probe (Chrono Boost)  
  32  2:51  Probe (Chrono Boost)  
  32  2:58  Probe (Chrono Boost)  
  34  2:59  Gateway  
  34  3:02  Probe (Chrono Boost)  
  35  3:06  Gateway  
  35  3:08  Probe (Chrono Boost)  
  35  3:12  Probe (Chrono Boost)  
  37  3:19  Probe (Chrono Boost)  
  38  3:23  Oracle, Probe (Chrono Boost)  
  39  3:29  Probe (Chrono Boost)  
  39  3:33  Adept  
  44  3:35  Pylon, Probe (Chrono Boost)  
  44  3:40  Probe (Chrono Boost)  
  45  3:44  Pylon  
  45  3:47  Probe (Chrono Boost)  
  46  3:53  Probe (Chrono Boost)  
  46  3:54  Oracle  
  47  4:00  Probe (Chrono Boost)  
  51  4:09  Nexus  
  51  4:11  Pylon  
  51  4:17  Adept x3  
  57  4:24  Probe (Chrono Boost)  
  57  4:30  Mothership Core (Chrono Boost)  
  59  4:32  Pylon  
  59  4:36  Pylon, Probe (Chrono Boost)  
  59  4:37  Assimilator  
  59  4:38  Assimilator  
  60  4:48  Probe x2 (Chrono Boost)  
  60  4:56  Sentry  
  60  4:57  Zealot, Sentry  
  60  4:58  Probe (Chrono Boost)  
  62  5:01  Probe (Chrono Boost)  
  62  5:04  Forge  
  62  5:06  Robotics Facility  
  62  5:09  Probe (Chrono Boost)  
  62  5:13  Probe (Chrono Boost)  
  64  5:19  Probe (Chrono Boost)  
  64  5:20  Adept x3  
  71  5:22  Probe (Chrono Boost)  
  71  5:24  Probe (Chrono Boost)  
  73  5:30  Twilight Council, Probe (Chrono Boost)  
  73  5:31  Phoenix  
  73  5:32  Probe (Chrono Boost)  
  73  5:34  Probe (Chrono Boost)  
  78  5:36  Protoss Ground Weapons Level 1  
  78  5:40  Probe (Chrono Boost)  
  79  5:43  Probe (Chrono Boost)  
  79  5:46  Probe (Chrono Boost)  
  79  5:48  Immortal  
  80  5:51  Probe (Chrono Boost)  
  80  5:57  Charge, Probe (Chrono Boost)  
  87  5:58  Gateway, Probe (Chrono Boost)  
  87  6:02  Gateway, Probe (Chrono Boost)  
  88  6:05  Gateway  
  88  6:16  Probe x3 (Chrono Boost)  
  91  6:20  Gateway  
  91  6:21  Gateway  
  91  6:26  Pylon, Observer  
  91  6:28  Pylon  
  91  6:29  Assimilator  
  92  6:33  Assimilator  
  92  6:36  Probe (Chrono Boost)  
  92  6:37  Pylon  
  93  6:41  Templar Archives  
  93  6:46  Probe x2 (Chrono Boost)  
  95  6:47  Zealot, Pylon  
  95  6:48  Zealot x2  
  95  6:49  Immortal  
  95  6:51  Probe (Chrono Boost)  
  102  6:59  Zealot x2  
  111  7:02  Probe (Chrono Boost)  
  111  7:04  Pylon  
  111  7:10  Phoenix  
  111  7:12  Pylon, Protoss Ground Weapons Level 2  
  111  7:14  Zealot x2  
  111  7:15  Zealot x2  
  117  7:18  High Templar x2  
  117  7:19  Zealot  
  117  7:22  Archon  
  125  7:23  Zealot  
  127  7:30  Immortal  
  127  7:31  Gateway  
  127  7:34  Pylon  
  131  7:41  Zealot x3  
  119  7:45  High Templar x2  
  119  7:49  Archon  
  119  7:54  Zealot  
  119  7:55  Zealot x2  
  123  8:00  Photon Cannon  
  123  8:04  Immortal  
  120  8:05  High Templar x2  
  120  8:06  Zealot  
  120  8:09  Archon  
  130  8:17  Zealot x2, Pylon, Photon Cannon  
  130  8:18  Zealot, Pylon  
  136  8:26  High Templar  
  136  8:27  High Templar  
  140  8:32  Archon  
  140  8:38  Immortal  
  140  8:43  Nexus  
  140  8:45  Pylon  
  140  8:47  Pylon  
  144  8:51  Zealot x2, High Templar x2  
  144  8:52  Zealot x2  
  156  8:55  Archon  
  156  9:09  High Templar x2  
  160  9:12  Warp Prism  
  160  9:14  Archon  
  160  9:17  Photon Cannon  
  160  9:18  Gateway  
  162  9:26  High Templar  
  162  9:27  Zealot, High Templar  
  162  9:28  Zealot x4  
  176  9:31  Pylon, Archon  
  176  9:40  Probe (Chrono Boost)  
  176  9:41  Probe x2 (Chrono Boost)  
  179  9:47  Assimilator  
  179  9:48  Photon Cannon  
  179  9:49  Photon Cannon  
  179  9:51  Assimilator, Photon Cannon  
  180  9:53  Probe (Chrono Boost)  
  180  10:02  Gateway  
  180  10:04  Zealot  
  180  10:05  Zealot  
  179  10:08  Gateway  
  179  10:09  Gateway  
  179  10:10  High Templar x3  
  179  10:11  High Templar, Gateway  
  186  10:17  Archon x2  
  190  10:28  Probe (Chrono Boost)  
  190  10:30  Probe x3 (Chrono Boost)  
  190  10:34  High Templar x2  
  194  10:38  Archon  
  194  10:49  Zealot  
  196  10:50  Zealot x2  
  182  11:09  Zealot x5  
  182  11:10  Zealot x4  
  198  11:17  Zealot x5  
  198  11:19  Observer  
  195  11:32  Zealot x6  
  195  11:38  Zealot x2  
Show
View Real Time Build Order
Export as new Build Order

Xaoras Zerg 

Build Orders: Hatch First 

Get SALT Encoding   

  12  0:01  Drone  
  13  0:13  Overlord  
  13  0:18  Drone  
  14  0:23  Extractor  
  14  0:24  Drone  
  15  0:31  Drone  
  15  0:35  Drone  
  17  0:53  Hatchery  
  17  0:56  Drone  
  17  0:59  Drone  
  18  1:11  Extractor  
  18  1:17  Spawning Pool  
  18  1:18  Drone  
  17  1:22  Drone  
  18  1:30  Drone  
  19  1:47  Hatchery  
  19  1:50  Drone  
  19  1:59  Overlord  
  19  2:08  Queen  
  19  2:15  Metabolic Boost  
  21  2:18  Drone  
  21  2:22  Drone  
  23  2:33  Drone x3  
  26  2:43  Queen  
  26  2:44  Drone  
  29  2:45  Drone  
  29  2:47  Drone  
  31  2:55  Drone x2  
  33  3:01  Queen  
  33  3:03  Zergling x2  
  33  3:05  Zergling x2  
  37  3:13  Drone  
  38  3:22  Spore Crawler  
  36  3:28  Drone  
  36  3:29  Drone x6  
  42  3:35  Spore Crawler  
  42  3:37  Spore Crawler, Drone x2  
  42  3:48  Overlord  
  42  3:54  Overlord  
  42  3:56  Lair  
  42  3:57  Extractor  
  41  4:09  Overlord, Drone x3  
  44  4:16  Zergling x4  
  44  4:17  Zergling x8  
  46  4:19  Drone x3  
  46  4:21  Drone x3  
  53  4:25  Drone  
  54  4:36  Drone  
  54  4:37  Drone x2  
  57  4:40  Overlord  
  57  4:51  Zergling x8  
  57  4:52  Zergling x4  
  55  5:00  Hydralisk Den, Drone x7  
  55  5:01  Drone  
  62  5:07  Overlord  
  62  5:10  Baneling Nest  
  61  5:20  Drone  
  61  5:21  Drone  
  58  5:25  Extractor, Drone x4  
  58  5:26  Drone  
  58  5:27  Extractor  
  61  5:30  Drone x2  
  61  5:31  Drone x3  
  61  5:32  Drone x3  
  69  5:36  Muscular Augments  
  69  5:49  Drone x5  
  71  5:52  Centrifical Hooks  
  71  5:53  Extractor  
  71  5:55  Overlord  
  70  5:58  Extractor, Drone x2  
  70  6:00  Drone x2  
  70  6:03  Overlord  
  72  6:19  Hydralisk  
  72  6:20  Hydralisk x3  
  72  6:21  Hydralisk  
  72  6:22  Overlord x2  
  72  6:23  Hydralisk  
  84  6:27  Hydralisk  
  84  6:28  Hydralisk  
  88  6:37  Hydralisk  
  88  6:40  Hydralisk x2  
  88  6:41  Hydralisk  
  88  6:43  Zergling x2  
  88  6:44  Zergling x10  
  100  6:53  Hydralisk x2  
  104  7:01  Overlord x2  
  104  7:10  Overlord x2  
  104  7:13  Baneling x14  
  104  7:14  Baneling  
  104  7:18  Overlord x2  
  104  7:19  Overlord  
  104  7:20  Hydralisk  
  106  7:23  Zergling x2  
  106  7:24  Zergling x6  
  106  7:28  Zergling x4  
  106  7:29  Zergling x4  
  113  7:41  Zergling x2  
  113  7:42  Zergling x8  
  104  7:48  Zergling x2  
  104  7:49  Zergling x10  
  104  7:55  Baneling x4  
  102  8:05  Infestation Pit, Overlord, Evolution Chamber  
  100  8:06  Hydralisk x2  
  100  8:09  Hydralisk  
  106  8:15  Overlord  
  106  8:21  Hatchery  
  102  8:28  Baneling  
  102  8:29  Baneling x2  
  102  8:30  Baneling x7  
  102  8:31  Baneling  
  102  8:32  Zergling x2  
  102  8:33  Zergling x16  
  111  8:35  Baneling x2  
  111  8:45  Pathogen Glands  
  111  8:58  Baneling  
  111  8:59  Overlord  
  110  9:20  Infestor, Burrow  
  110  9:21  Infestor x3  
  110  9:23  Infestor x3  
  121  9:26  Zerg Melee Weapons Level 1  
  121  9:29  Drone  
  121  9:30  Drone x2  
  123  9:31  Drone x4  
  123  9:33  Queen  
  129  9:45  Hive  
  129  9:46  Extractor  
  129  9:47  Zergling x8  
  129  9:48  Zergling x12  
  138  9:55  Baneling  
  138  9:56  Baneling x2  
  138  10:06  Zergling x2  
  142  10:07  Zergling x18  
  142  10:08  Zergling x4  
  142  10:11  Overlord  
  145  10:20  Zergling x10  
  145  10:21  Zergling x8  
  154  10:31  Overseer  
  154  10:32  Overseer  
  154  10:35  Zergling x4  
  155  10:36  Zergling x10  
  150  11:00  Ultralisk Cavern  

Tags
 
Add a new tag
Caveats
  • Supply blocks, unpowered buildings, or Contaminate may cause inaccurate times.
  • Supply counts are checked every 10 seconds.